 Dungeon Crawl Stone Soup version 0.24.1-5-g77f818bfca (webtiles) character file.

Game seed: 4853210414064570719, levelgen mode: deterministic

100 greeedy the Slasher (level 4, -2/33 HPs)
             Began as a Demonspawn Gladiator on Apr 23, 2020.
             Splashed by a jelly's acid (7 damage)
             ... on level 2 of the Dungeon.
             The game lasted 00:02:14 (1702 turns).

greeedy the Slasher (Demonspawn Gladiator)          Turns: 1702, Time: 00:02:16

Health: -2/33      AC:  2    Str: 15    XL:     4   Next: 47%
Magic:  4/4        EV: 12    Int:  9    God:
Gold:   130        SH:  0    Dex: 15    Spells: 3/3 levels left

rFire    . . .     SeeInvis +   a - +0 long sword
rCold    . . .     Gourm    .   (no shield)
rNeg     . . .     Faith    .   b - +0 leather armour
rPois    .         Spirit   .   c - +0 helmet
rElec    .         Reflect  .   m - scarf {repulsion}
rCorr    .         Harm     .   (no gloves)
MR       .....                  (no boots)
Stlth    +++.......             (no amulet)
HPRegen  0.11/turn              j - ring of see invisible
MPRegen  0.09/turn              (no ring)

@: corroded, repel missiles
A: iridescent scales 1, nightstalker 2
a: no special abilities


You were on level 2 of the Dungeon.
You were near starving.

You visited 1 branch of the dungeon, and saw 2 of its levels.

You collected 130 gold pieces.

Inventory:

Hand Weapons
 a - a +0 long sword (weapon)
 o - a +0 dagger
Missiles
 d - 3 throwing nets (quivered)
Armour
 b - a +0 leather armour (worn)
 c - a +0 helmet (worn)
 e - a +0 buckler
 m - a scarf of repulsion (worn)
Jewellery
 j - a ring of see invisible (left hand)
Scrolls
 g - 2 scrolls of fear {unknown}
 h - a scroll of teleportation {unknown}
 i - a scroll of remove curse {unknown}
 l - 2 scrolls of identify {unknown}
 p - 3 scrolls of enchant weapon {unknown}
Potions
 k - a potion of flight {unknown}
 n - a potion of might {unknown}
Comestibles
 f - 5 rations


   Skills:
 - Level 2.0 Fighting
 * Level 2.6(3.6) Short Blades
 - Level 3.8(4.2) Long Blades
 - Level 1.7 Throwing
 - Level 2.6 Dodging


You had 3 spell levels left.
You didn't know any spells.
Your spell library was empty.

Dungeon Overview and Level Annotations

Branches:
Dungeon (2/15)

Altars:


Innate Abilities, Weirdness & Mutations

You are partially covered in iridescent scales. (AC +2)
You are significantly more attuned to the shadows.


Message History

There are monsters nearby!
You hit the jelly.
Your hands burn!
The jelly is moderately wounded.
The jelly closely misses you.
You hit the jelly.
Your hands burn!
The jelly is moderately wounded.
The jelly barely misses you.
You hit the jelly but do no damage.
Your hands burn!
The jelly is moderately wounded.
The jelly misses you.
You hit the jelly. The acid corrodes you!
Your hands burn!
The jelly is heavily wounded.
The jelly hits you.
You are splashed with acid!
You hit the jelly but do no damage.
Your hands burn!
* * * LOW HITPOINT WARNING * * *
The jelly is heavily wounded.
The jelly hits you.
* * * LOW HITPOINT WARNING * * *
You are splashed with acid!
You die...

....##....##
#.#.###.#.#
.###.####.# # ##.###.#
# ##.##.########## ##
##.###.##.......#
.###............#..#
#.#.######.#....#..###
##.## #.#...J@.s...
.### #.#....#..### ..#
#.#..#.#..# ..#
#.........# ..#
##...##### ..# ### ..#
..## ...########


You could see a jelly and a giant cockroach (sleeping).

Vanquished Creatures
  A worker ant (D:2)
  2 adders (D:2)
  A worm (D:2)
  A dart slug (D:1)
  A leopard gecko (D:1)
  4 giant cockroaches
  5 goblins
  6 hobgoblins
  4 jackals (D:2)
  A quokka (D:2)
  6 bats
  6 frilled lizards
  7 kobolds
  6 rats
51 creatures vanquished.

Notes
Turn   | Place    | Note
-------+----------+-------------------------------------------
     0 | D:1      | greeedy the Demonspawn Gladiator began the quest for the
                  | Orb.
     0 | D:1      | Reached XP level 1. HP: 16/16 MP: 1/1
   172 | D:1      | Reached skill level 3 in Long Blades
   272 | D:1      | Gained mutation: You are partially covered in iridescent
                  | scales. (AC +2) [demonic ancestry]
   272 | D:1      | Reached XP level 2. HP: 20/22 MP: 2/2
   945 | D:2      | Gained mutation: You are slightly more attuned to the
                  | shadows. [demonic ancestry]
   945 | D:2      | Reached XP level 3. HP: 27/27 MP: 3/3
  1121 | D:2      | Reached skill level 1 in Short Blades
  1266 | D:2      | Gained mutation: You are significantly more attuned to the
                  | shadows. [demonic ancestry]
  1266 | D:2      | Reached XP level 4. HP: 12/33 MP: 4/4
  1702 | D:2      | Splashed by a jelly's acid

Levels and vault maps discovered:
D:1:      ebering_trefoil_twist, layout_basic
D:2:      layout_loops_cross, first_ration, kennysheep_generic_room_13

Skill      XL: |  1  2  3 |
---------------+----------+-----
Long Blades    | 3 |  3.8
Short Blades   | 2 |  2.6
Fighting       | |  2.0
Throwing       | |  1.7
Dodging        | |  2.6

Action                   |  1- 3 |  4- 6 || total
-------------------------+-------+-------++-------
Melee: Long sword        |   113 |    20 ||   133
 Stab: Sleeping          |     1 |     2 ||     3
  Eat: Chunk             |     1 |       ||     1
Armor: Leather armour    |    38 |     3 ||    41
Dodge: Dodged            |   101 |    13 ||   114
       Deflected         |     2 |       ||     2
       Rpst.: Long sword |    25 |     3 ||    28
